AoeStats
← Masaru824267

Arabia

508446281Analyzed
1v1 RM · 11d ago on Sep 22, 2026· 45m 13s· 2 players
Game mode
Random Map
Map size
Tiny (2 player)
Population
200
Speed
Normal
Resources
Standard
Victory
Conquest
Starting age
Dark Age
Ending age
Imperial Age
RankedLock teamsTeams togetherTeam positionsShared explorationLock speedFull tech treeHidden civsTurbo modeCheats
Victory
Defeat
🇺🇸 Franks · United States
1010
+16
🇯🇵 Tatars · Japan
1001
-16
Masaru824267
6:29 Loom
9:01 Feudal Age
9:57 Double-Bit Axe
13:32 Fletching
15:43 Padded Archer Armor
21:58 Castle Age
20:01 Horse Collar
21:01 Scale Barding Armor
21:06 Forging
22:11 Forging
22:48 Bloodlines
22:18 Crossbowman
22:20 Light Cavalry
23:00 Husbandry
23:02 Pikeman
27:08 Town Watch
28:43 Wheelbarrow
29:23 Bodkin Arrow
29:45 Squires
35:38 Imperial Age
34:46 Hand Cart
35:29 Husbandry
38:51 Bow Saw
40:47 Chain Barding Armor
41:02 Iron Casting
40:30 Hussar
41:29 Cavalier
42:27 Town Patrol
42:50 Heavy Camel Rider
44:53 Plate Barding Armor
45:18 Blast Furnace
aextropical#0420
7:34 Loom
9:57 Feudal Age
10:38 Double-Bit Axe
20:31 Castle Age
19:35 Forging
20:36 Scale Barding Armor
23:33 Stone Mining
24:23 Gold Mining
24:46 Bow Saw
27:36 Chain Barding Armor
28:14 Husbandry
31:04 Squires
32:55 Iron Casting
33:19 Wheelbarrow
32:58 Scale Mail Armor
37:17 Chain Mail Armor
38:03 Hand Cart
37:34 Town Watch
38:25 #83
42:02 Imperial Age
41:42 Gold Shaft Mining
43:00 Murder Holes
42:50 Cavalier
43:32 Elite Throwing Axeman
44:33 Conscription
45:48 Blast Furnace
46:09 Plate Mail Armor
46:15 Plate Barding Armor
Connection lost

Rejoining the realm…

Still unreachable

The connection could not be restored.

Session expired

The server has moved on; the page needs a fresh start.